 Dungeon Crawl Stone Soup version 0.24-a0-91-g4e4936a (webtiles) character file.

Game seed: 13637218461661221483

34265 emperorscorpion the Eclecticist (level 13, -20/68 (69) HPs)
             Began as a Deep Elf Ice Elementalist on Jan 31, 2019.
             Was an Elder of Fedhas.
             Killed from afar by a lindwurm (24 damage)
             ... with a blast of flame
             ... on level 6 of the Lair of Beasts on Feb 8, 2019.
             The game lasted 01:17:46 (26731 turns).

emperorscorpion the Eclecticist (DEIE)             Turns: 26731, Time: 01:17:46

HP:   -20/68 (69)   AC: 11    Str:  3    XL:     13   Next: 41%
MP:   6/35          EV: 15    Int: 25    God:    Fedhas [****..]
Gold: 1307          SH:  6    Dex: 22    Spells: 25/44 levels left

rFire    . . .     SeeInvis .   a - +8 spear of Qazlal's Castigation {flame, rPois}
rCold    . . .     Gourm    .   x - +0 buckler
rNeg     . . .     Faith    .   f - +1 troll leather armour
rPois    +         Spirit   .   u - +1 helmet
rElec    .         Reflect  .   t - +0 cloak "Segy" {+Fly Str-2 Dex+4 Stlth+}
rCorr    .         Harm     .   o - +0 pair of gloves
MR       +++..                  F - +0 pair of boots
Stlth    ++++......             D - amulet of regeneration
HPRegen  1.41/turn              M - +2 ring of dexterity
MPRegen  0.24/turn              y - ring of protection from magic

@: no status effects
A: magic resistance 1, regeneration 1
a: Fungal Bloom, Sunlight, Evolution, Growth, Reproduction, Renounce Religion,
Evoke Flight


You were on level 6 of the Lair of Beasts.
You worshipped Fedhas.
Fedhas was greatly pleased with you.
You were not hungry.

You visited 3 branches of the dungeon, and saw 20 of its levels.
You also visited: Bailey and Gauntlet.

You collected 1427 gold pieces.
You spent 120 gold pieces at shops.

Inventory:

Hand Weapons
 a - the +8 spear of Qazlal's Castigation (weapon) {flame, rPois}
   (You found it on level 11 of the Dungeon)

   It has been specially enchanted to burn those struck by it, causing extra
   injury to most foes and up to half again as much damage against particularly
   susceptible opponents.
   It protects you from poison.
Missiles
 p - 12 poisoned needles
 w - 18 tomahawks (quivered)
Armour
 d - a +0 helmet
 f - a +1 troll leather armour (worn)
 o - a +0 pair of gloves (worn)
 t - the +0 cloak "Segy" (worn) {+Fly Str-2 Dex+4 Stlth+}
   (You found it in a Gauntlet)

   It affects your strength (-2).
   It affects your dexterity (+4).
   It lets you fly.
   It makes you more stealthy.
 u - a +1 helmet (worn)
 x - a +0 buckler (worn)
 F - a +0 pair of boots (worn)
 N - the cursed +1 chain mail of Xonulant {MP+9 Stlth+}
   (You found it in a Gauntlet)

   It affects your magic capacity (+9).
   It makes you more stealthy.
   It has a curse placed upon it.
Magical Staves
 b - an uncursed staff of wizardry
 V - an uncursed staff of summoning
Jewellery
 g - an uncursed ring of protection from fire
 i - an uncursed amulet of the acrobat
 y - a ring of protection from magic (right hand)
 C - an uncursed ring of poison resistance {unknown}
 D - an amulet of regeneration (around neck)
 H - an uncursed ring of protection from magic
 M - a +2 ring of dexterity (left hand)
Wands
 m - a wand of flame (43)
 n - a wand of disintegration (15)
 B - a wand of acid (15)
 P - a wand of paralysis (7)
 Q - a wand of iceblast (16)
 U - a wand of digging (6)
 X - a wand of polymorph (4)
 Y - a wand of enslavement (23)
Scrolls
 e - 3 scrolls of identify
 l - 9 scrolls of teleportation
 q - 2 scrolls of enchant weapon
 z - 15 scrolls of remove curse
 L - a scroll of fear
 W - 4 scrolls of immolation
Potions
 h - 8 potions of agility
 j - a potion of magic
 k - 7 potions of invisibility
 s - a potion of lignification
 A - 10 potions of curing
 E - 2 potions of flight
 I - 3 potions of cancellation
 J - 2 potions of brilliance
 K - 3 potions of haste
 O - 5 potions of heal wounds
 S - 2 potions of ambrosia
 T - 2 potions of might
 Z - 4 potions of mutation
Miscellaneous
 r - a fan of gales (inert)
 v - a phial of floods
 G - a box of beasts
Comestibles
 c - 17 rations


   Skills:
 + Level 3.4 Fighting
   Level 3.4 Short Blades
 + Level 3.7 Polearms
 + Level 0.1 Throwing
 + Level 3.6 Armour
 + Level 5.9 Dodging
 - Level 5.1 Stealth
 * Level 2.7 Shields
 + Level 16.3 Spellcasting
 + Level 9.3 Conjurations
 + Level 1.1 Hexes
 + Level 0.2 Charms
 + Level 3.6 Summonings
 + Level 13.5 Ice Magic
 + Level 1.3 Invocations
 + Level 2.1 Evocations


You had 25 spell levels left.
You knew the following spells:

 Your Spells              Type           Power        Failure   Level  Hunger
b - Throw Icicle          Conj/Ice       ######..     1%          4    None
c - Ozocubu's Armour      Chrm/Ice       ######..     1%          3    None
d - Summon Ice Beast      Ice/Summ       ######..     1%          4    None
e - Metabolic Englaciati  Hex/Ice        ######....   8%          5    None
r - Regeneration          Chrm/Necr      ###.......   16%         3    None

Your spell library contained the following spells:

 Spells                   Type           Power        Failure   Level  Hunger
 Freeze                   Ice            ####         1%          1    None
 Magic Dart               Conj           ####         1%          1    None
 Searing Ray              Conj           ######       1%          2    None
 Throw Frost              Conj/Ice       ######       1%          2    None
 Dazzling Spray           Conj/Hex       #####.       1%          3    None
 Iskenderun's Mystic Bla  Conj           ######..     1%          4    None
 Stone Arrow              Conj/Erth      #####.       2%          3    None
 Confusing Touch          Hex            ####..       3%          1    None
 Ice Form                 Ice/Tmut       ######..     3%          4    None
 Infusion                 Chrm           ###.         4%          1    None
 Animate Skeleton         Necr           N/A          5%          1    None
 Beastly Appendage        Tmut           ###...       5%          1    None
 Pain                     Necr           ###.         5%          1    None
 Sandblast                Erth           ###...       5%          1    None
 Fulminant Prism          Conj/Hex       #####.....   6%          4    None
 Song of Slaying          Chrm           ###.....     8%          2    None
 Passwall                 Tmut/Erth      ###.....     9%          2    None
 Shroud of Golubria       Chrm/Tloc      ###.......   9%          2    None
 Sticks to Snakes         Tmut           ###.....     9%          2    None
 Force Lance              Conj/Tloc      #####...     9%          4    None
 Confuse                  Hex            ####....     11%         3    None
 Spectral Weapon          Hex/Chrm       ###.....     13%         3    None
 Gell's Gravitas          Tloc           ###.......   17%         3    None
 Spider Form              Tmut/Pois      ###.......   17%         3    None
 Vampiric Draining        Necr           ###.......   17%         3    None
 Animate Dead             Necr           N/A          50%         4    None
 Petrify                  Tmut/Erth      ###.....     50%         4    None
 Yara's Violent Unravell  Hex/Tmut       ###.......   77%         5    None
 Blade Hands              Tmut           ###.......   83%         5    None
 Lee's Rapid Deconstruct  Erth           ###.......   83%         5    None


Dungeon Overview and Level Annotations

Branches:
Dungeon (13/15)            Temple (1/1) D:5            Lair (6/6) D:9
  Swamp (0/4) Lair:2        Snake (0/4) Lair:4        Slime (0/5) Lair:5
    Orc (0/2) D:12
 Vaults: D:13-14

Altars:
Ashenzari
Cheibriados
Dithmenos
Elyvilon
Fedhas
Gozag
Hepliaklqana
Kikubaaqudgha
Makhleb
Nemelex Xobeh
Okawaru
Qazlal
Ru
Sif Muna
Trog
Uskayaw
Vehumet
Wu Jian
Xom
Yredelemnul
Zin
The Shining One

Shops:
D:7 *   D:12 [

Annotations:
D:11 3 runed translucent doors, Duffy's ghost, journeyman NaFi


Innate Abilities, Weirdness & Mutations

You are resistant to hostile enchantments. (MR+)
Your natural rate of healing is unusually fast.


Message History

The wyvern bites you but does no damage.
The hell hound bites your wyvern but does no damage.
The basilisk bites the fungus!
The komodo dragon bites you!!
Your wyvern bites the komodo dragon!
The wyvern bites you!
* * * LOW HITPOINT WARNING * * *
The basilisk bites your wyvern! The wyvern bites you.
* * * LOW HITPOINT WARNING * * *
The wyvern hisses menacingly.
The wyvern bites your wyvern!
Your wyvern dies!
The wyvern looks stronger.
Your larval stingshock beast hits the komodo dragon!
Your larval stingshock beast barely misses the komodo dragon.
The lindwurm breathes flames at you.
The blast of flame hits the toadstool!!
The toadstool is destroyed!
The blast of flame hits the hell hound.
The hell hound completely resists.
The blast of flame hits you!!
You die...
Fedhas appreciates your contribution to the ecosystem.

#..P.......P...# ..<
##..#.......#..#P...
##..PP.........PP.....
########....PPP...Dh....PP.#.
#............PP.FP.P.P?..##..
###.#..##..#.HPPk9P9....## P
####...##.#....Pl.÷PP9##.##
#...#..PP....PHlh÷.#### .#
###.............@lll# .#
#............###.lP.# ##
...........### ######
..#........# .##P.....#.#
...........# .PP.....#P##
.......#### .........#


You could see a lindwurm, a komodo dragon, 2 basilisks, a blink frog, 3 molten
gargoyles, a steam dragon, 2 hell hounds, 3 wyverns, 2 friendly mutant beasts
and a friendly oklob plant.

Vanquished Creatures
  A minotaur (Gauntlet)
  A death ooze (Gauntlet)
  3 hydras (Lair:1)
  3 two-headed ogres
  2 death yaks (D:8)
  Nergalle (Lair:3)
  A wretched star (Gauntlet)
  Pikel (D:7)
  A lindwurm (Lair:4)
  An ugly thing (D:11)
  2 elephants (Lair:3)
  Maurice (D:9)
  2 black mambas
  3 spiny frogs
  An eye of devastation (Gauntlet)
  A rime drake (Lair:6)
  3 komodo dragons
  2 tyrant leeches (Lair:2)
  A troll (D:7)
  7 blink frogs
  Grinder (D:4)
  Prince Ribbit (D:6)
  3 slime creatures
  6 hippogriffs
  A spriggan (Lair:3)
  A human (D:11)
  3 wyverns
  A hog (D:11)
  3 basilisks
  18 yaks
  A neqoxec (Gauntlet)
  A hungry ghost (D:9)
  Edmund (D:6)
  A swamp worm (Lair:2)
  2 floating eyes (Gauntlet)
  10 water moccasins
  6 porcupines
  3 ice beasts
  7 orc warriors
  4 phantoms
  2 black bears
  2 slaves (D:7)
  A necrophage (D:10)
  3 sky beasts
  5 ogres
  4 centaurs
  6 crocodiles
  10 bullfrogs
  2 gnoll sergeants
  6 killer bees
  3 wights (D:13)
  An electric eel (Lair:4)
  2 howler monkeys
  2 crimson imps
  4 bullfrog zombies
  3 centaur zombies
  6 orc priests
  6 centaur skeletons
  4 hounds
  5 jellies
  14 orc wizards
  A bullfrog skeleton (D:5)
  Natasha (twice) (D:2)
  6 iguanas
  6 hell rats (Lair:4)
  13 worker ants
  A hound zombie (D:9)
  2 hound skeletons (D:9)
  13 gnolls
  18 adders
  5 shadow imps
  2 oozes
  An adder skeleton (D:5)
  2 worms
  2 leopard geckos (D:4)
  36 orcs
  7 bats
  6 giant cockroaches
  13 goblins
  11 hobgoblins
  6 jackals
  9 kobolds
  8 quokkas
  6 frilled lizards
  A jackal zombie (D:6)
  A leopard gecko skeleton (D:4)
  7 rats
  A toadstool (Lair:6)
389 creatures vanquished.

Vanquished Creatures (collateral kills)
  An orc knight (Bailey)
  A black mamba (Lair:1)
  A komodo dragon (Lair:1)
  6 blink frogs
  2 slime creatures (D:12)
  A hippogriff (Lair:1)
  8 yaks
  A wyvern (Lair:6)
  A basilisk (Lair:1)
  An ogre (D:6)
  A porcupine (Lair:2)
  A water moccasin (Lair:6)
  6 orc warriors (Bailey)
  A crocodile (Lair:6)
  A bullfrog (Lair:2)
  2 killer bees (D:6)
  2 orcs (Bailey)
37 creatures vanquished.

Vanquished Creatures (others)
  A wyvern (Lair:6)
  A hippogriff (Lair:4)
  A water moccasin (Lair:6)
  2 orc warriors
  A worker ant (D:9)
  A leopard gecko zombie (D:7)
  3 wandering mushrooms
  6 fungi
  4 plants
  241 toadstools
  A withered plant (D:13)
262 creatures vanquished.

Grand Total: 688 creatures vanquished

Notes
Turn   | Place    | Note
-------+----------+-------------------------------------------
     0 | D:1      | emperorscorpion the Deep Elf Ice Elementalist began the
                  | quest for the Orb.
     0 | D:1      | Reached XP level 1. HP: 10/10 MP: 6/6
    67 | D:1      | Reached XP level 2. HP: 15/15 MP: 4/8
   685 | D:1      | Reached XP level 3. HP: 18/19 MP: 6/9
   759 | D:2      | Noticed Natasha
   760 | D:2      | Upgraded the game from 0.24-a0-10-gb84795d to
                  | 0.24-a0-70-gf44d0c5
   766 | D:2      | Killed Natasha
   771 | D:2      | Reached skill level 4 in Spellcasting
   843 | D:2      | Noticed Natasha
  1107 | D:2      | Reached XP level 4. HP: 22/24 MP: 7/12
  1459 | D:2      | Found an iron altar of Okawaru.
  1595 | D:2      | Learned a level 4 spell: Throw Icicle
  1797 | D:2      | Killed Natasha
  2314 | D:3      | Reached XP level 5. HP: 28/28 MP: 7/14
  2419 | D:3      | Reached skill level 5 in Spellcasting
  2883 | D:4      | Reached skill level 5 in Ice Magic
  2901 | D:4      | Reached skill level 1 in Armour
  2901 | D:4      | Reached XP level 6. HP: 16/32 MP: 6/16
  3332 | D:4      | Reached skill level 6 in Spellcasting
  3434 | D:4      | Noticed Grinder
  3462 | D:4      | Reached skill level 1 in Short Blades
  3578 | D:4      | Found a shadowy altar of Dithmenos.
  3578 | D:4      | Found an iron altar of Okawaru.
  3978 | D:4      | Paralysed by Grinder for 2 turns
  4122 | D:4      | Noticed an ice beast
  4146 | D:4      | Killed an ice beast
  4146 | D:4      | Reached XP level 7. HP: 36/36 MP: 1/18
  5575 | D:4      | Gained mutation: You are resistant to hostile enchantments.
                  | (MR+) [potion of mutation]
  5575 | D:4      | Gained mutation: Your natural rate of healing is unusually
                  | fast. [potion of mutation]
  5576 | D:4      | Killed Grinder
  5576 | D:4      | Reached skill level 7 in Spellcasting
  5758 | D:5      | Entered Level 5 of the Dungeon
  6010 | D:5      | Reached XP level 8. HP: 37/42 MP: 0/21
  6060 | D:5      | Upgraded the game from 0.24-a0-70-gf44d0c5 to
                  | 0.24-a0-84-g25a2d9f
  6145 | D:5      | Found a staircase to the Ecumenical Temple.
  6162 | Temple   | Entered the Ecumenical Temple
  6215 | Temple   | Became a worshipper of Fedhas Madash
  7029 | D:6      | Reached skill level 8 in Spellcasting
  7248 | D:6      | Reached skill level 1 in Fighting
  7336 | D:6      | Noticed Edmund
  7350 | D:6      | Killed Edmund
  7562 | D:6      | Found a radiant altar of Vehumet.
  7644 | D:7      | Learned a level 3 spell: Ozocubu's Armour
  7649 | D:7      | Learned a level 4 spell: Summon Ice Beast
  7904 | D:6      | Noticed Prince Ribbit
  7911 | D:6      | Killed Prince Ribbit
  7911 | D:6      | Reached XP level 9. HP: 47/47 MP: 6/23
  8108 | D:6      | Reached skill level 9 in Spellcasting
  8747 | D:6      | Found a snail-covered altar of Cheibriados.
  9035 | D:7      | Reached skill level 10 in Spellcasting
  9285 | D:7      | Found Semattog's Assorted Antiques.
  9340 | D:7      | Bought a scroll labeled HAZXYSA WUBRICH for 24 gold pieces
  9340 | D:7      | Bought a scroll labeled GASCHA IPO HYSA for 24 gold pieces
  9340 | D:7      | Bought a scroll labeled ZOXZUNLIPSU for 24 gold pieces
  9340 | D:7      | Bought a scroll labeled FUOMOI LAYNNITSIT for 24 gold
                  | pieces
  9340 | D:7      | Bought a scroll labeled OCO GUAHEQEBA for 24 gold pieces
  9471 | D:7      | Noticed a troll
  9474 | D:7      | Killed a troll
  9618 | D:7      | Reached * piety under Fedhas
 10077 | D:7      | Noticed Pikel
 10082 | D:7      | Killed Pikel
 10082 | D:7      | Reached skill level 11 in Spellcasting
 10084 | D:7      | Found a bloodstained altar of Trog.
 10435 | D:7      | Found a sparkling altar of Nemelex Xobeh.
 10630 | D:8      | Reached XP level 10. HP: 47/53 MP: 10/27
 10648 | D:8      | You fall through a shaft for 3 floors!
 10660 | D:11     | Noticed a brown ugly thing
 10837 | D:11     | Found a flagged portal.
 10845 | D:11     | Got a twisted spear
 10849 | D:11     | Identified the +8 spear of Qazlal's Castigation {flame,
                  | rPois} (You found it on level 11 of the Dungeon)
 10852 | Bailey   | Entered a bailey
 10852 | Bailey   | Noticed an orc knight
 10911 | Bailey   | Killed an orc knight
 11229 | Bailey   | Reached skill level 1 in Evocations
 11417 | D:10     | Entered Level 10 of the Dungeon
 11509 | D:10     | Reached ** piety under Fedhas
 11665 | D:10     | Reached skill level 10 in Ice Magic
 11668 | D:9      | Found a hide-covered altar of Uskayaw.
 11668 | D:9      | Noticed a death yak
 11684 | D:8      | Reached skill level 12 in Spellcasting
 12089 | D:8      | Found a hazy altar of Hepliaklqana.
 12145 | D:8      | Found a shattered altar of Ashenzari.
 12328 | D:8      | Found a burning altar of Makhleb.
 12328 | D:8      | Noticed a balrug
 12594 | D:9      | Reached skill level 5 in Conjurations
 12827 | D:9      | Found a stormy altar of Qazlal.
 12966 | D:9      | Reached skill level 5 in Dodging
 13024 | D:9      | Found an ornate altar of the Wu Jian Council.
 13177 | D:9      | Noticed a two-headed ogre
 13178 | D:9      | Noticed a death yak
 13181 | D:9      | Noticed a death yak
 13252 | D:9      | Found a staircase to the Lair.
 13622 | D:8      | Killed a death yak
 13622 | D:8      | Reached skill level 5 in Stealth
 13655 | D:7      | Learned a level 5 spell: Metabolic Englaciation
 13930 | D:8      | Killed a death yak
 13930 | D:8      | Reached XP level 11. HP: 58/58 MP: 0/29
 14244 | D:9      | Killed a two-headed ogre
 14244 | D:9      | Reached skill level 13 in Spellcasting
 14397 | D:9      | Found a radiant altar of Vehumet.
 14430 | D:9      | Found a stormy altar of Qazlal.
 14438 | D:9      | Noticed Maurice
 14445 | D:9      | Killed Maurice
 15095 | D:10     | Reached skill level 1 in Polearms
 15527 | D:10     | Reached *** piety under Fedhas
 15987 | D:11     | Noticed a two-headed ogre
 16042 | D:11     | Killed a brown ugly thing
 16693 | D:11     | Killed a two-headed ogre
 17016 | D:11     | Noticed a two-headed ogre
 17022 | D:11     | Killed a two-headed ogre
 17022 | D:11     | Reached skill level 14 in Spellcasting
 17740 | D:11     | Found a runed translucent gate.
 17742 | D:11     | Found a runed translucent gate.
 17743 | D:11     | Found a runed translucent gate.
 17745 | D:11     | Noticed Duffy's ghost (journeyman NaFi)
 17819 | D:12     | Found Hiuh's Armour Emporium.
 17819 | D:12     | Found a staircase to the Orcish Mines.
 17843 | D:11     | Reached XP level 12. HP: 52/64 MP: 0/32
 18096 | D:12     | Found a blossoming altar of Fedhas.
 18457 | D:12     | Reached skill level 1 in Hexes
 18721 | D:12     | Learned a level 3 spell: Regeneration
 19244 | D:13     | Noticed a centaur warrior
 19369 | Lair:1   | Entered Level 1 of the Lair of Beasts
 19398 | Lair:1   | Noticed a five-headed hydra
 19602 | Lair:1   | Noticed an eight-headed hydra
 19611 | Lair:1   | Killed an eight-headed hydra
 19733 | Lair:1   | Noticed a seven-headed hydra
 19737 | Lair:1   | Killed a seven-headed hydra
 19828 | Lair:1   | Killed a five-headed hydra
 19935 | Lair:1   | Reached skill level 15 in Spellcasting
 20607 | Lair:2   | Found a gate leading to a gauntlet.
 20620 | Gauntlet | Entered a Gauntlet
 20620 | Gauntlet | Found a transporter.
 20691 | Gauntlet | Found a transporter.
 20701 | Gauntlet | Found a transporter.
 20702 | Gauntlet | Found a transporter.
 20715 | Gauntlet | Found a transporter.
 20726 | Gauntlet | Found a transporter.
 20736 | Gauntlet | Found a transporter.
 20736 | Gauntlet | Noticed a ghost crab
 20743 | Gauntlet | Found a transporter.
 20743 | Gauntlet | Found a transporter.
 20745 | Gauntlet | Noticed a death ooze
 20753 | Gauntlet | Found a transporter.
 20755 | Gauntlet | Found a transporter.
 20774 | Gauntlet | Found a runed translucent door.
 20778 | Gauntlet | Found a transporter.
 20791 | Gauntlet | Found a transporter.
 20806 | Gauntlet | Found a transporter.
 20840 | Gauntlet | Reached skill level 1 in Invocations
 20969 | Gauntlet | Killed a death ooze
 20972 | Gauntlet | Got a spiked cloak
 20976 | Gauntlet | Identified the +0 cloak "Segy" {+Fly Str-2 Dex+4 Stlth+}
                  | (You found it in a Gauntlet)
 21197 | Gauntlet | Noticed a minotaur
 21237 | Gauntlet | Killed a minotaur
 21266 | Gauntlet | Got a steaming chain mail
 21271 | Gauntlet | Identified the cursed +1 chain mail of Xonulant {MP+9
                  | Stlth+} (You found it in a Gauntlet)
 21771 | Lair:2   | Found a staircase to the Swamp.
 21779 | Lair:2   | Reached skill level 1 in Shields
 21814 | Lair:2   | Upgraded the game from 0.24-a0-84-g25a2d9f to
                  | 0.24-a0-91-g4e4936a
 22857 | Lair:3   | Noticed Nergalle
 22884 | Lair:3   | Killed Nergalle
 23055 | Lair:3   | Reached XP level 13. HP: 67/67 MP: 17/34
 23716 | Lair:4   | Found a staircase to the Snake Pit.
 23729 | Lair:4   | Reached skill level 16 in Spellcasting
 24053 | Lair:4   | Identified the +6 plate armour of Anaesthesia {Str+5} (You
                  | found it on level 4 of the Lair of Beasts)
 24433 | Lair:4   | Reached **** piety under Fedhas
 25315 | Lair:5   | Identified the +2 leather armour "Plog" {rPois} (You found
                  | it on level 5 of the Lair of Beasts)
 25681 | Lair:5   | Found a staircase to the Slime Pits.
 26469 | Lair:6   | Entered Level 6 of the Lair of Beasts
 26636 | Lair:6   | Found an iron altar of Okawaru.
 26731 | Lair:6   | Killed from afar by a lindwurm

Levels and vault maps discovered:
D:1:      ldierk_water_garden
D:2:      okawaru_altar_gauntlet_db, uniq_natasha
D:3:      layout_rooms, first_ration
D:4:      minmay_opposing_rooms, layout_basic, gammafunk_temple_overflow_wave,
          minmay_liquid_box, uniq_grinder
D:5:      layout_basic, minmay_temple_entry_junction
D:6:      layout_basic, lemuel_coloured_pillars_altar, basic_altar, uniq_edmund,
          uniq_prince_ribbit1
D:7:      layout_basic, lemuel_round_altar, nemelex_altar_shiori, serial_shops,
          shop, minmay_door_square, uniq_pikel
D:8:      layout_basic, makhleb_altar_promises_db, lemuel_round_altar,
          cheibrodos_ashenzari_chains
D:9:      minmay_distorted_concentric_squares, layout_rooms,
          vehumet_altar_wand_db, lemuel_doored_altar, grunt_qazlal_clouds,
          overflow_temple_1_default, dpeg_lair_monsters, basic_altar,
          uniq_maurice
D:10:     layout_basic
D:11:     layout_long_grid, ebering_ghost_rock_garden, enter_bailey_2,
          grunt_livestock
D:12:     layout_irregular_city, orc_david_3, fedhas_altar_1
D:13:     layout_cave_pools, serial_undead, serial_undead_f, serial_undead_a,
          serial_undead_d, serial_undead_c, uniq_erolcha
Temple:   cyrus_temple_forest
Lair:1:   layout_chaotic_city, st_stairs_8
Lair:2:   layout_regular_city, minmay_swamp_entry_worms, gauntlet_entry_generic,
          lemuel_old_faithful
Lair:3:   layout_roguey, serial_bayou_pond_c, grunt_forest_large_clearing_hut,
          uniq_nergalle
Lair:4:   layout_long_grid, dummy_snake_entry, infiniplex_staircase_pool,
          minmay_lair_oklob_chamber, grunt_megastairs_1, lemuel_fruit_tree
Lair:5:   layout_layer_cave, minmay_slime_entry_pillars
Lair:6:   cheibrodos_lair_end_hotspot, layout_loops_ring, basic_altar
Bailey:   bailey_polearm_4, bailey
Gauntlet: minmay_gauntlet_77_tree [minmay_gauntlet_arena_77_radiant_squares,
          minmay_gauntlet_arena_77_squiggly,
          minmay_gauntlet_arena_77_double_cross, minmay_gauntlet_arena_77_path,
          minmay_gauntlet_arena_77_chump_sandwich,
          minmay_gauntlet_arena_77_p_blocks,
          minmay_gauntlet_arena_77_block_sizes, gauntlet_exit_spiral]

Skill      XL: |  1  2  3  4  5  6  7  8  9 10 11 12 13 |
---------------+----------------------------------------+-----
Ice Magic      | 4 5 6 7 8 9 10 12 13 | 13.5
Spellcasting   | 4 5 6 7 8 11 12 14 15 16 | 16.3
Stealth        | 3 4 5 |  5.1
Armour         | 1 2 3 |  3.6
Short Blades   | 1 3 |  3.4
Conjurations   | 2 3 4 6 7 8 9 |  9.3
Dodging        | 3 4 5 |  5.9
Fighting       | 1 2 3 |  3.4
Evocations     | 1 2 |  2.1
Summonings     | 2 3 |  3.6
Polearms       | 2 3 |  3.7
Hexes          | 1 |  1.1
Invocations    | 1 |  1.3
Shields        | 1 2 |  2.7
Throwing       | |  0.1
Charms         | |  0.2

Action                   |  1- 3 |  4- 6 |  7- 9 | 10-12 | 13-15 || total
-------------------------+-------+-------+-------+-------+-------++-------
Melee: Dagger            |     6 |     1 |       |       |       ||     7
       Short sword       |       |    32 |   106 |       |       ||   138
       Spear             |       |       |       |   184 |    73 ||   257
Throw: Tomahawk          |       |     1 |     2 |     1 |     1 ||     5
 Cast: Freeze            |    46 |    74 |    89 |    39 |       ||   248
       Throw Icicle      |       |    12 |   108 |   347 |   104 ||   571
       Summon Ice Beast  |       |       |     4 |    35 |     4 ||    43
       Metabolic Englaci |       |       |       |     7 |     1 ||     8
       Regeneration      |       |       |       |     1 |     1 ||     2
       Ozocubu's Armour  |       |       |       |       |     1 ||     1
Invok: Fungal Bloom      |       |       |    15 |    49 |    14 ||    78
       Evolution         |       |       |       |     3 |     2 ||     5
Evoke: Wand              |       |       |     2 |    20 |     2 ||    24
       Fan of gales      |       |       |       |     1 |     1 ||     2
       Box of beasts     |       |       |       |       |     2 ||     2
  Use: Potion            |       |       |     8 |     2 |       ||    10
       Scroll            |       |       |    15 |    16 |     5 ||    36
 Stab: Sleeping          |     2 |     4 |     3 |     2 |       ||    11
       Invisible         |       |       |       |     1 |       ||     1
       Distracted        |       |       |       |     3 |       ||     3
  Eat: Chunk             |       |    11 |    21 |    17 |     6 ||    55
       Ration            |       |       |     1 |     7 |     2 ||    10
Armor: Robe              |     6 |     9 |    26 |       |       ||    41
       Ring mail         |       |    34 |    27 |       |       ||    61
       Troll leather arm |       |       |     6 |    74 |    22 ||   102
Dodge: Dodged            |    20 |    67 |   103 |   192 |    58 ||   440
Block: Buckler           |       |       |       |    31 |    27 ||    58

Table legend:
 A = Non-vault XP
 B = Vault XP
 C = Vault XP percentage of total XP
 D = Non-vault monster count
 E = Vault monster count
 F = Vault count percentage of total count
                 A         B        C        D         E       F
            +---------+---------+-------+---------+---------+-------
      Total |   32209 |   16741 |  34.2 |     341 |      83 |  19.6
            +---------+---------+-------+---------+---------+-------
        D:1 |      43 |       0 |   0.0 |      26 |       0 |   0.0
        D:2 |      78 |      59 |  43.1 |      18 |       7 |  28.0
        D:3 |      59 |       0 |   0.0 |      12 |       0 |   0.0
        D:4 |     692 |     419 |  37.7 |      27 |       7 |  20.6
        D:5 |     341 |       0 |   0.0 |      12 |       0 |   0.0
        D:6 |    1421 |     430 |  23.2 |      31 |       2 |   6.1
        D:7 |    1253 |     641 |  33.8 |      25 |       1 |   3.8
        D:8 |     541 |    2161 |  80.0 |       9 |       4 |  30.8
        D:9 |    2904 |    1965 |  40.4 |      38 |      13 |  25.5
       D:10 |    1330 |       0 |   0.0 |      19 |       0 |   0.0
       D:11 |    5016 |    1060 |  17.4 |      33 |       7 |  17.5
       D:12 |    2627 |     142 |   5.1 |      14 |       3 |  17.6
       D:13 |     175 |       0 |   0.0 |       3 |       0 |   0.0
     Lair:1 |    4428 |     751 |  14.5 |      14 |       1 |   6.7
     Lair:2 |    1806 |     685 |  27.5 |       9 |       3 |  25.0
     Lair:3 |    1769 |    2016 |  53.3 |       9 |       4 |  30.8
     Lair:4 |    4273 |     382 |   8.2 |      23 |       3 |  11.5
     Lair:5 |    1356 |     621 |  31.4 |       8 |       4 |  33.3
     Lair:6 |    2097 |     306 |  12.7 |      11 |       2 |  15.4
     Bailey |       0 |    1267 | 100.0 |       0 |      15 | 100.0
   Gauntlet |       0 |    3836 | 100.0 |       0 |       7 | 100.0
            +---------+---------+-------+---------+---------+-------
